AoeStats
← michaelhuss72

Northern Isles

510325109Analyzed
1v1 RM · 3d ago on Sep 30, 2026· 40m 1s· 2 players
Game mode
Random Map
Map size
Tiny (2 player)
Population
200
Speed
Normal
Resources
Standard
Victory
Conquest
Starting age
Dark Age
Ending age
Imperial Age
RankedLock teamsTeams togetherTeam positionsShared explorationLock speedFull tech treeHidden civsTurbo modeCheats
Victory
Defeat
🇺🇸 Spanish · United States
675
+17
🇫🇷 Gurjaras · France
701
-17
DeathByTaxation
12:27 Feudal Age
13:13 Double-Bit Axe
18:01 Loom
22:43 Castle Age
21:30 Bloodlines
25:40 Scale Barding Armor
25:41 Husbandry
26:08 Fletching
27:32 Chain Barding Armor
36:03 Light Cavalry
36:59 Gold Mining
41:22 Imperial Age
39:33 Wheelbarrow
39:17 Forging
michaelhuss72
7:37 Loom
9:33 Feudal Age
11:28 Double-Bit Axe
15:44 Man-at-Arms
24:07 Castle Age
23:08 Stone Mining
23:20 Fletching
23:35 Gold Mining
25:24 Bodkin Arrow
24:57 Crossbowman
30:48 Murder Holes
35:40 Imperial Age
Connection lost

Rejoining the realm…

Still unreachable

The connection could not be restored.

Session expired

The server has moved on; the page needs a fresh start.